 Dungeon Crawl Stone Soup version 0.26-a0-651-gb41185065b (webtiles) character file.

Game seed: 7738793536699313870

138 Ozzies the Skirmisher (level 5, -1/36 HPs)
             Began as a Gargoyle Fighter on Oct 7, 2020.
             Slain by a goblin (4 damage)
             ... led by Robin
             ... on level 3 of the Dungeon.
             The game lasted 00:03:16 (1643 turns).

Ozzies the Skirmisher (Gargoyle Fighter)            Turns: 1643, Time: 00:03:17

Health: -1/36      AC: 15    Str: 20    XL:     5   Next: 21%
Magic:  5/5        EV:  3    Int:  9    God:
Gold:   92         SH:  9    Dex:  9    Spells: 4/4 levels left

rFire    . . .     SeeInvis .   r - +0 whip
rCold    . . .     Faith    .   c - +0 kite shield
rNeg     + . .     Spirit   .   h - +0 plate armour
rPois    ∞         Reflect  .   (no helmet)
rElec    +         Harm     .   (no cloak)
rCorr    .         Rampage  .   (no gloves)
MR       .....                  (no boots)
Stlth    ..........             (no amulet)
HPRegen  0.12/turn              (no ring)
MPRegen  0.09/turn              (no ring)

@: mighty
A: negative energy resistance 1, electricity resistance, unbreathing,
petrification resistance, rot immunity, AC +4
a: no special abilities


You were on level 3 of the Dungeon.
You visited 1 branch of the dungeon, and saw 3 of its levels.

You collected 92 gold pieces.

Inventory:

Hand Weapons
 a - a +0 flail
 r - a +0 whip (weapon)
Missiles
 j - 84 stones (quivered)
 t - 16 sling bullets
Armour
 b - a +0 scale mail
 c - a +0 kite shield (worn)
 h - a +0 plate armour (worn)
Jewellery
 m - a +6 ring of intelligence {unknown}
Scrolls
 f - a scroll of remove curse {unknown}
 g - a scroll of amnesia {unknown}
 i - 3 scrolls of identify {unknown}
 k - a scroll of random uselessness {unknown}
 o - 4 scrolls of enchant armour {unknown}
 p - a scroll of magic mapping {unknown}
 q - a scroll of teleportation {unknown}
 s - a scroll of fog {unknown}
Potions
 e - a potion of lignification {unknown}
 l - a potion of brilliance {unknown}
 n - a potion of flight {unknown}


   Skills:
 * Level 5.8 Fighting
 + Level 2.4 Maces & Flails
 + Level 3.7 Armour
 - Level 3.2 Shields


You had 4 spell levels left.
You didn't know any spells.
Your spell library was empty.

Dungeon Overview and Level Annotations

Branches:
Dungeon (3/15)

Altars:
Kikubaaqudgha
The Shining One


Innate Abilities, Weirdness & Mutations

You are resistant to torment.
Your stone body is resilient. (AC +4)
You are immune to poison.
You resist negative energy. (rN+)
You are resistant to electric shocks. (rElec)
You can survive without breathing.
You are immune to petrification.
You are immune to rotting.


Message History

The hobgoblin hits you but does no damage.
The goblin hits you but does no damage. You block the goblin's attack.
You block the jackal's attack.
The hobgoblin hits you but does no damage.
Your shield and plate armour prevent you from hitting the jackal.
You block the goblin's attack.
Robin roars a battlecry!
The goblins go into a battle-frenzy!
The hobgoblin hits you but does no damage.
The goblin hits you.
The jackal bites you but does no damage.
You block the goblin's attack.
Really quaff
d - a potion of might {@q3 !q}?
You feel very mighty all of a sudden. The hobgoblin hits you with a +0 club.
The jackal bites you but does no damage.
You block the goblin's attack. You block Robin's attack.
The hobgoblin hits you but does no damage.
The goblin barely misses you. The goblin hits you but does no damage.
You hit the hobgoblin.
You kill the hobgoblin!
The jackal bites you but does no damage.
You block the hobgoblin's attack. The goblin hits you but does no damage.
Robin hits you from afar with a +0 trident.
The goblin barely misses you. You block the goblin's attack.
The jackal bites you but does no damage.
You completely miss the hobgoblin.
The hobgoblin hits you but does no damage.
The goblin hits you but does no damage. You block the jackal's attack.
You block the hobgoblin's attack. The goblin hits you but does no damage.
Robin hits you but does no damage. The goblin hits you but does no damage.
The jackal bites you but does no damage.
The goblin hits you but does no damage.
You barely miss the hobgoblin.
The hobgoblin hits you but does no damage.
The hobgoblin hits you with a +0 club. The goblin hits you but does no damage.
Robin hits you from afar with a +0 trident.
The goblin hits you but does no damage. The jackal bites you.
The goblin hits you but does no damage.
You closely miss the hobgoblin.
The hobgoblin hits you but does no damage.
You block the hobgoblin's attack.
The jackal bites you but does no damage.
The goblin hits you but does no damage. x2; Robin hits you but does no damage.
You block the goblin's attack.
The hobgoblin hits you but does no damage.
You closely miss the hobgoblin.
The jackal bites you but does no damage.
You block the goblin's attack. You block the hobgoblin's attack.
The goblin hits you but does no damage. The jackal barely misses you.
Robin hits you but does no damage. You block the goblin's attack.
The hobgoblin hits you but does no damage.
You barely miss the hobgoblin. The goblin hits you.
You block the jackal's attack. The hobgoblin barely misses you.
The goblin hits you but does no damage. You block the goblin's attack.
You block the hobgoblin's attack.
You whack the hobgoblin!
You kill the hobgoblin!
The jackal bites you.
* * * LOW HITPOINT WARNING * * *
You block the goblin's attack. The goblin barely misses you.
The hobgoblin hits you with a +0 club.
* * * LOW HITPOINT WARNING * * *
The jackal bites you but does no damage.
Robin hits you but does no damage. You block the goblin's attack. x2
You hit the hobgoblin.
You kill the hobgoblin!
You block the jackal's attack. The goblin hits you but does no damage.
The hobgoblin hits you but does no damage.
Robin hits you from afar with a +0 trident.
* * * LOW HITPOINT WARNING * * *
You block the goblin's attack.
The jackal bites you but does no damage.
The goblin hits you but does no damage. You block the goblin's attack.
You block the hobgoblin's attack. You block the goblin's attack.
Robin hits you but does no damage.
The goblin hits you but does no damage. x2
Items here: )) †††.
You closely miss Robin.
The goblin no longer looks unusually strong. x2
The jackal bites you but does no damage.
You block the hobgoblin's attack. You block the goblin's attack.
Robin throws the goblin at you! The goblin hits you.
* * * LOW HITPOINT WARNING * * *
The jackal bites you but does no damage.
The goblin hits you but does no damage.
You whack Robin!
Robin is severely wounded.
The goblin no longer looks unusually strong.
The hobgoblin hits you but does no damage.
You block the goblin's attack.
The jackal bites you but does no damage.
Robin roars a battlecry!
The goblins go into a battle-frenzy!
The goblin hits you.
* * * LOW HITPOINT WARNING * * *
You whack Robin!
You kill Robin!
The jackal bites you but does no damage.
You block the hobgoblin's attack. The goblin hits you.
You die...

#...)....... #≈≈
#..)'....... #≈≈
#...#....... ####≈≈
#...##########...≈≈
#............#...≈≈
#............#...≈≈
##'##.....## ##..≈≈
#).g#.....# #..≈≈
#g@g#..)..# #..≈≈
#.hg#.....#.. #..≈≈
##g##.....##'##.g≈≈
..!#.....#......≈≈
#...#.....#.g...≈≈≈
#≈≈≈#.....#≈≈≈≈≈≈≈.
#≈≈≈##'''##≈≈≈≈≈≈..
##≈≈≈≈..)≈≈≈≈####..
###≈≈...≈≈..####..


You could see a jackal, a hobgoblin (strong) and 4 goblins.

Vanquished Creatures
  Robin (D:3)
  2 adders
  2 oozes
  A worm (D:2)
  5 dart slugs
  6 leopard geckos (D:2)
  A ball python (D:2)
  9 bats
  2 giant cockroaches (D:2)
  12 goblins
  6 hobgoblins
  4 jackals
  8 kobolds
  A quokka (D:3)
  6 frilled lizards
  14 rats
  A bush (D:2)
81 creatures vanquished.

Vanquished Creatures (others)
  14 plants (D:2)
14 creatures vanquished.

Grand Total: 95 creatures vanquished

Notes
Turn   | Place    | Note
-------+----------+-------------------------------------------
     0 | D:1      | Ozzies the Gargoyle Fighter began the quest for the Orb.
     0 | D:1      | Reached XP level 1. HP: 14/14 MP: 1/1
    55 | D:1      | Reached XP level 2. HP: 20/20 MP: 2/2
   112 | D:1      | Reached skill level 4 in Fighting
   223 | D:1      | Reached XP level 3. HP: 24/24 MP: 3/3
   532 | D:2      | Reached skill level 5 in Fighting
   661 | D:2      | Found a glowing golden altar of the Shining One.
   717 | D:2      | Reached XP level 4. HP: 16/31 MP: 4/4
  1101 | D:2      | Found an ancient bone altar of Kikubaaqudgha.
  1538 | D:3      | Reached XP level 5. HP: 32/36 MP: 5/5
  1602 | D:3      | Noticed Robin
  1643 | D:3      | Killed Robin
  1643 | D:3      | Slain by a goblin

Illustrated notes

Levels and vault maps discovered:
D:1:      dpeg_arrival_ratfight, layout_basic
D:2:      layout_rooms, nicolae_overflow_hidden_temple, lexackson_kobold_supper
D:3:      kennysheep_goblin_castle, layout_basic

Skill      XL: |  1  2  3 |
---------------+----------+-----
Fighting       | 4 5 |  5.8
Maces & Flails | |  2.4
Armour         | |  3.7
Shields        | |  3.2

Action                   |  1- 3 |  4- 6 || total
-------------------------+-------+-------++-------
Melee: Flail             |   122 |   142 ||   264
       Whip              |       |    94 ||    94
  Use: Potion            |       |     1 ||     1
Armor: Scale mail        |    17 |       ||    17
       Plate armour      |   105 |   211 ||   316
Dodge: Dodged            |    33 |    42 ||    75
Block: Kite shield       |    98 |   151 ||   249

Table legend: (Time is in decaauts)
 A = Elapsed time spent in this place.
 B = Non-inter-level travel time spent in this place.
 C = Inter-level travel time spent in this place.
 D = Time resting spent in this place.
 E = Time spent auto-exploring this place.
 F = Levels seen in this place.
 G = Mean time per level.
                   A        B        C        D        E       F      G
               +--------+--------+--------+--------+--------+-----+--------+
         Total |   1750 |   1687 |     63 |      0 |    959 |   3 |  583.3 |
       Dungeon |   1750 |   1687 |     63 |      0 |    959 |   3 |  583.3 |
               +--------+--------+--------+--------+--------+-----+--------+

Top non-repeatable levels by time:
     D:2: 976 daAuts
     D:1: 487 daAuts
     D:3: 287 daAuts
